 Dungeon Crawl Stone Soup version 0.31.0-1-g2c135a008e (webtiles) character file.

Game seed: 15704241969202818104

47 qw the Shooter (level 3, 0/29 HPs)
             Began as a Djinni Hunter on Jan 23, 2024.
             Was an Initiate of Okawaru.
             Slain by a gnoll
             ... wielding a +0 spear
              (6 damage)
             ... on level 2 of the Dungeon.
             The game lasted 00:00:03 (884 turns).

qw the Shooter (Djinni Hunter)                       Turns: 884, Time: 00:00:03

Health: 0/29       AC:  3    Str: 10    XL:     3   Next: 97%
Gold:   96         EV: 12    Int: 10    God:    Okawaru [......] SH:  0 Dex: 18

rFire   + + .        a - +0 shortbow
rCold   x . .        (shield currently unavailable)
rNeg    . . .        c - +0 leather armour
rPois   inf          (no helmet)
rElec   .            (no cloak)
rCorr   .            (no gloves)
SInv    .            (boots unavailable)
Will    .....        (no amulet)
Stlth   ++           (no ring)
HPRegen 0.24/turn    (no ring)
MPRegen 0.00/turn

%: infuse magic (-1 HP)
@: flying
A: sickness immunity, fire resistance 2, cold vulnerability 1, float, innate
caster, HP casting, extra vitality 1
a: Renounce Religion


You were on level 2 of the Dungeon.
You worshipped Okawaru.
Okawaru was noncommittal.
You visited 1 branch of the dungeon, and saw 2 of its levels.

You collected 96 gold pieces.


Innate Abilities, Weirdness & Mutations

You are immune to sickness and miasma.
You are immune to poison.
Your flesh is very heat resistant. (rF++)
You are vulnerable to cold. (rC-)
You float through the air rather than walking.
You learn spells naturally, not from books.
Your magical power is your life essence.
You have superior vitality. (+4 MHP)


   Skills:
 + Level 2.9 Fighting
 - Level 4.0 Ranged Weapons
 - Level 2.1 Dodging
 - Level 0.7 Stealth


You knew the following spells:

 Your Spells              Type           Power      Damage    Failure   Level
a - Necrotise             Necr           0%         1d4       45%         1
Your spell library was empty.

Inventory:

Hand Weapons
 a - a +0 shortbow (weapon)
Armour
 c - a +0 leather armour (worn)
Potions
 d - a potion of enlightenment

Dungeon Overview and Level Annotations

Branches:
Dungeon (2/15)

Altars:
Okawaru


Message History

The dart slug is heavily wounded.
The gnoll misses you. The dart slug barely misses you.
You shoot an arrow. The arrow hits the dart slug.
The dart slug is almost dead.
The gnoll hits you from afar with a +0 spear.
The dart slug launches a dart at you. The slug dart misses you.
You shoot an arrow. The arrow hits the dart slug.
You kill the dart slug!
Okawaru accepts your kill.
The gnoll hits you from afar with a +0 spear.
You shoot an arrow. The arrow hits the gnoll.
The gnoll is almost dead.
The gnoll closely misses you. The gnoll barely misses you.
You shoot an arrow. The arrow hits the gnoll.
The gnoll is almost dead.
The gnoll hits you from afar with a +0 spear.
You shoot an arrow. The arrow hits the gnoll.
You kill the gnoll!
Okawaru accepts your kill.
You hear a shout!
You shoot an arrow. The arrow hits the gnoll.
The gnoll is lightly wounded.
A bat comes into view.
The bat moves out of view.
881 ||| FLEEEEING.
You shoot an arrow.
The arrow hits the gnoll but does no damage.
You hear a shout!
The gnoll hits you from afar with a +0 spear.
A hobgoblin comes into view.
The gnoll barely misses you.
You hear an angry hiss.
You shoot an arrow. The arrow misses the bat.
The bat misses you.
The gnoll hits you from afar with a +0 spear.
The bat completely misses you.
884 ||| RETREEEEATING.
The gnoll hits you from afar with a +0 spear.
You die...

.... #.#.
......# #$#.
.....## # #....
......#.# ....
...... #...
.g..#
..##..##g.#
....%.g..# .
###.###.@####.#
[## #...b...#
...
##.#########.#
#...........#
#####.....#.#
#.._....#
#.....#.###
#..........
##..###.##.


You could see 2 gnolls, a hobgoblin and a bat.

Vanquished Creatures
  A gnoll (D:2)
  2 dart slugs
  A ball python (D:1)
  4 endoplasms
  A giant cockroach (D:1)
  2 goblins (D:1)
  2 hobgoblins (D:1)
  4 jackals (D:1)
  2 quokkas (D:1)
  4 bats (D:1)
  2 frilled lizards (D:1)
  7 rats
32 creatures vanquished.

Notes
Turn   | Place    | Note
-------+----------+-------------------------------------------
     0 | D:1      | qw the Djinni Hunter began the quest for the Orb.
     0 | D:1      | Reached XP level 1. HP: 18/18 MP: 0/0
     0 | D:1      | 0 ||| qw: Version: 0.3-a-132-g3d54051
     0 | D:1      | 0 ||| qw: Game counter: 624
     0 | D:1      | 0 ||| qw: Melee chars always use a shield: true
     0 | D:1      | 0 ||| qw: God list: Okawaru
     0 | D:1      | 0 ||| qw: Allow faded altars: false
     0 | D:1      | 0 ||| qw: Do Orc after clearing Dungeon:15 true
     0 | D:1      | 0 ||| qw: Do second Lair branch before Depths: true
     0 | D:1      | 0 ||| qw: Lair rune preference: random
     0 | D:1      | 0 ||| qw: Goals: Normal
     0 | D:1      | 0 ||| PLANNING D:1-11
   132 | D:1      | Reached XP level 2. HP: 23/23 MP: 0/0
   344 | D:1      | Reached XP level 3. HP: 28/28 MP: 0/0
   344 | D:1      | Learned a level 1 spell: Necrotise
   352 | D:1      | Reached skill level 4 in Ranged Weapons
   750 | D:1      | 750 ||| DROPPING scroll of butterflies.
   847 | D:2      | Found an iron altar of Okawaru.
   848 | D:2      | 848 ||| PLANNING OKAWARU WORSHIP
   848 | D:2      | 848 ||| READING scroll labelled HEAHEAJINK.
   848 | D:2      | 848 ||| IDENTIFYING fizzy silvery potion
   856 | D:2      | Became a worshipper of Warmaster Okawaru
   857 | D:2      | 857 ||| PLANNING D:1-11
   881 | D:2      | 881 ||| FLEEEEING.
   882 | D:2      | HP: 7/29 [gnoll/+0 spear (5)]
   884 | D:2      | 884 ||| RETREEEEATING.
   884 | D:2      | Slain by a gnoll

Levels and vault maps discovered:
D:1:      minmay_arrival_three_doors, layout_loops_ring
D:2:      layout_loops_ring, basic_altar, grunt_ministairs_8,
          grunt_decor_fettered, st_stairs_5

Skill      XL: |  1  2  3 |
---------------+----------+-----
Ranged Weapons | 4 |  4.0
Fighting       | |  2.9
Dodging        | |  2.1
Stealth        | |  0.7

Action                     || total
---------------------------++-------
   Fire: Shortbow          ||   121
    Use: Scroll            ||     1
 Armour: Leather armour    ||    48
  Dodge: Dodged            ||    71

Table legend:
 A = Non-vault XP
 B = Vault XP
 C = Vault XP percentage of total XP
 D = Non-vault monster count
 E = Vault monster count
 F = Vault count percentage of total count
                 A         B        C        D         E       F
            +---------+---------+-------+---------+---------+-------
      Total |      64 |       4 |   5.9 |      31 |       1 |   3.1
            +---------+---------+-------+---------+---------+-------
        D:1 |      46 |       0 |   0.0 |      27 |       0 |   0.0
        D:2 |      18 |       4 |  18.2 |       4 |       1 |  20.0
            +---------+---------+-------+---------+---------+-------
